 Dungeon Crawl Stone Soup version 0.17.2 (webtiles) character file.

3770 ololoev the Carver (level 9, -3/63 HPs)
             Began as a Mummy Chaos Knight on June 29, 2016.
             Slain by a wolf (9 damage)
             ... led by Grum
             ... on level 8 of the Dungeon.
             The game lasted 00:16:57 (8010 turns).

ololoev the Carver (Mummy Chaos Knight)             Turns: 8010, Time: 00:16:57

Health: -3/63      AC: 11    Str: 18    XL:     9   Next: 94%
Magic:  9/9        EV:  9    Int: 11    God:    Xom [.*....]
Gold:   181        SH:  0    Dex: 12    Spells: 2 memorised, 5 levels left

rFire  x . .     SeeInvis .     a - +3 falchion (distort)
rCold  + . .     Clarity  .     k - +1 scale mail {rPois}
rNeg   + + +     SustAt   .     (no shield)
rPois  ∞         Gourm    .     h - +0 helmet
rElec  .         Spirit   .     (no cloak)
rCorr  .         Warding  .     (no gloves)
rMut   .         Stasis   .     l - +0 pair of boots
MR     ++...                    (no amulet)
Stlth  ..........               q - ring of flight
                                b - ring of protection from magic

@: very resistant to hostile enchantments, extremely unstealthy
A: no food or potions, fire vulnerability, cold resistance 1, negative energy
resistance 3, torment resistance, unbreathing
a: Renounce Religion, Evoke Flight


Innate Abilities, Weirdness & Mutations

You do not eat or drink.
Your flesh is vulnerable to fire.
You are immune to poison.
Your flesh is cold resistant.
You are immune to negative energy.
You are immune to unholy pain and torment.
You can survive without breathing.

Inventory:

Hand Weapons
 a - a +3 falchion of distortion (weapon)
 s - a +0 dagger of chaos
Missiles
 f - 90 poisoned needles
 p - 8 curare-tipped needles
Armour
 h - a +0 helmet (worn)
 k - a +1 scale mail of poison resistance (worn)
 l - a +0 pair of boots (worn)
Jewellery
 b - a ring of protection from magic (left hand)
 q - a ring of flight (right hand)
 r - an uncursed ring of sustain attributes
Scrolls
 c - 13 scrolls of identify
 d - 7 scrolls of remove curse
 e - a scroll of recharging
 g - a scroll of teleportation {unknown}
 j - 2 scrolls of noise
 m - a scroll of amnesia {unknown}
 n - 2 scrolls of fog


   Skills:
 - Level 3.0 Fighting
 * Level 9.0 Long Blades
 + Level 5.7 Throwing
 + Level 6.2 Armour
 - Level 0.7 Dodging


You had 5 spell levels left.
You knew the following spells:

 Your Spells              Type           Power        Failure   Level  Hunger
a - Apportation           Tloc           #.........   89%         1    N/A
b - Blink                 Tloc           N/A          98%         2    N/A


You were on level 8 of the Dungeon.
You worshipped Xom.
You were a plaything of Xom.
You were not hungry.

You visited 1 branch of the dungeon, and saw 9 of its levels.

You collected 310 gold pieces.
You spent 129 gold pieces at shops.

###### ....# ######
##..# #####.....#
##...# #..h@...#
##.##.....
#.###.#............[#
#h# #.#.#.########.##
#.# #.... #.## #.#
#...# #.## #.# #.#.#
##'## #W# #.#.#
##...# #.###.#.##
##..... #.h†hh...##
#......

Notes
Turn   | Place    | Note
--------------------------------------------------------------
     0 | D:1      | ololoev the Mummy Chaos Knight began the quest for the Orb.
     0 | D:1      | Reached XP level 1. HP: 18/18 MP: 1/1
    56 | D:1      | XOM: divination: detect creatures
   109 | D:1      | XOM: harmless Summ miscast
   113 | D:1      | Reached XP level 2. HP: 24/24 MP: 2/2
   390 | D:1      | XOM: noise
   590 | D:1      | XOM: silly message
   591 | D:1      | Reached XP level 3. HP: 29/29 MP: 3/3
   682 | D:2      | XOM: potion effect (agility)
   798 | D:2      | Reached XP level 4. HP: 28/35 MP: 4/4
   825 | D:2      | Learned a level 1 spell: Apportation
   828 | D:2      | Learned a level 2 spell: Blink
   854 | D:2      | XOM: harmless Tloc miscast
   866 | D:2      | Found a shimmering altar of Xom.
  1176 | D:2      | XOM: silly message
  1343 | D:2      | XOM: harmless Pois miscast
  1440 | D:2      | Reached skill level 1 in Throwing
  1710 | D:3      | Noticed Goblin1989's ghost (amateur DsGl)
  1754 | D:2      | XOM: mild Tloc miscast
  2197 | D:2      | Noticed a swamp drake
  2197 | D:2      | an orc wizard changed into a swamp drake
  2197 | D:2      | XOM: polymorph orc wizard -> swamp drake
  2201 | D:2      | XOM: harmless Conj miscast
  2204 | D:2      | Killed a swamp drake
  2204 | D:2      | Reached skill level 4 in Long Blades
  2204 | D:2      | Reached XP level 5. HP: 9/41 MP: 5/5
  2617 | D:3      | XOM: noise
  2675 | D:3      | XOM: fog
  2679 | D:3      | XOM: cast spell 'Summon Swarm'
  2711 | D:3      | XOM: noise
  2883 | D:3      | XOM: silly message
  2955 | D:3      | XOM: butterfly on damage
  2960 | D:3      | Reached XP level 6. HP: 12/47 MP: 6/6
  3194 | D:3      | Noticed a water moccasin
  3200 | D:3      | Killed a water moccasin
  3547 | D:2      | XOM: mild Pois miscast
  3682 | D:4      | Found Wiykkexeh's Distillery.
  3702 | D:3      | XOM: confuse monster(s)
  3824 | D:4      | Reached skill level 5 in Long Blades
  3979 | D:4      | XOM: medium Erth miscast
  4162 | D:4      | Reached XP level 7. HP: 52/52 MP: 7/7
  4260 | D:4      | You fall through a shaft for 3 floors!
  4408 | D:7      | Found Meaxku's Assorted Antiques.
  4482 | D:7      | Found a shadowy altar of Dithmenos.
  4549 | D:7      | XOM: enchant monster (bad)
  4788 | D:7      | Found a staircase to the Ecumenical Temple.
  4798 | D:7      | XOM: cast spell 'Summon Ice Beast'
  4839 | D:7      | XOM: vitrification
  4917 | D:7      | XOM: confuse monster(s)
  5069 | D:7      | XOM: vitrification
  5091 | D:7      | Noticed a harpy
  5091 | D:7      | a hippogriff changed into a harpy
  5091 | D:7      | XOM: polymorph hippogriff -> harpy
  5277 | D:7      | XOM: divination: detect creatures
  5279 | D:7      | XOM: butterfly on damage
  5301 | D:7      | XOM: summons friendly crimson imp
  5313 | D:7      | HP: 1/52 [harpy (9)]
  5314 | D:7      | XOM: enchant monster (good)
  5314 | D:7      | Xom revived you
  5315 | D:7      | Killed a harpy
  5315 | D:7      | Reached skill level 6 in Long Blades
  5315 | D:7      | Reached XP level 8. HP: 6/58 MP: 8/8
  5609 | D:6      | XOM: mild Chrm miscast
  5633 | D:6      | Reached skill level 7 in Long Blades
  6012 | D:6      | Noticed Pikel
  6020 | D:6      | Noticed Edmund
  6024 | D:6      | Killed Pikel
  6024 | D:6      | Reached skill level 5 in Armour
  6024 | D:6      | Reached XP level 9. HP: 40/63 MP: 9/9
  6039 | D:6      | Killed Edmund
  6257 | D:6      | Noticed Menkaure
  6260 | D:6      | XOM: confuse monster(s)
  6264 | D:6      | Killed Menkaure
  6322 | D:6      | Got a scorched shield
  6324 | D:6      | XOM: 3-stop teleportation journey
  6328 | D:6      | Identified the +2 shield of Egalitarianism {MR- MP+9 Int+2} (You found it on level 6 of the Dungeon)
  6509 | D:5      | Entered Level 5 of the Dungeon
  6516 | D:5      | Reached skill level 8 in Long Blades
  6521 | D:5      | XOM: harmless Fire miscast
  6688 | D:5      | XOM: mild Trmt miscast
  6773 | D:5      | Found Cetoa's General Store.
  6777 | D:5      | Bought a scroll of identify for 24 gold pieces
  6777 | D:5      | Bought 8 curare-tipped needles for 57 gold pieces
  6777 | D:5      | Bought a scroll of identify for 24 gold pieces
  6993 | D:4      | XOM: medium Necr miscast
  7017 | D:4      | XOM: mild Tloc miscast
  7047 | D:4      | Found a shadowy altar of Dithmenos.
  7097 | D:4      | Reached skill level 5 in Throwing
  7214 | D:3      | XOM: colour smoke trail
  7236 | D:3      | Killed Goblin1989's ghost
  7383 | D:8      | Found Bosaodd's General Store.
  7397 | D:8      | Bought a scroll of fog for 24 gold pieces
  7415 | D:8      | Found a staircase to the Lair.
  7480 | D:8      | XOM: silly message
  7716 | D:8      | Found a bloodstained altar of Trog.
  7728 | D:8      | XOM: swap monsters
  7761 | D:8      | Noticed Psyche
  7780 | D:8      | Killed Psyche
  7974 | D:8      | Noticed Grum
  7989 | D:9      | Reached skill level 9 in Long Blades
  8010 | D:8      | Slain by a wolf

Dungeon Overview and Level Annotations

Branches:
Dungeon (9/15)             Temple (0/1) D:7            Lair (0/8) D:8
    Orc: D:9-12

Altars:
Dithmenos
Trog
Xom

Shops:
D:4 !   D:5 *   D:8 *

Annotations:
D:8 Grum


Message History

The wolf bites you but does no damage. The wolf barely misses you.
The wolf bites you. The wolf bites you. The wolf bites you. The wolf bites you.
Read which item? (? for menu, Esc to quit)
Okay, then.
Cast which spell? (? or * to list)
The spell is very dangerous to cast!
Continue anyway?
Okay, then.
Unknown command.
You can't drink.
Unknown command.
Read which item? (? for menu, Esc to quit)
As you read the scroll labeled UPAROI TES VEK, it crumbles to dust.
You feel blessed for a moment.
It was a scroll of remove curse.
The wolf bites you.
Read which item? (? for menu, Esc to quit)
As you read the scroll labeled BUFFAP OTUG, it crumbles to dust.
You assume a fearsome visage.
The wolf looks frightened!
The wolf looks frightened!
It was a scroll of fear.
Read which item? (? for menu, Esc to quit)
As you read the scroll labeled ROUWKE ZESYL, it crumbles to dust.
You hear a loud clanging noise!
It was a scroll of noise.
The wolf howls!
Read which item? (? for menu, Esc to quit)
As you read the scroll labeled JIUKATZ LENI, it crumbles to dust.
It is a scroll of enchant weapon.
Enchant which weapon? (? for menu, Esc to quit)
Your +2 falchion of distortion glows red for a moment.
The wolf closely misses you.
Read which item? (? for menu, Esc to quit)
As you read the scroll labeled XAKONUFUGE, it crumbles to dust.
It is a scroll of recharging.
You aren't carrying any rechargeable items.
The wolf bites you!
You die...
Xom giggles madly!

You could see a wolf.

Vanquished Creatures
  A harpy (D:7)
  Pikel (D:6)
  Psyche (D:8)
  The ghost of Goblin1989 the Poker, an amateur DsGl of Cheibriados (D:3)
  Menkaure (D:6)
  Edmund (D:6)
  A warg (D:8)
  A water moccasin (D:3)
  2 wolves (D:9)
  A swamp drake (D:2)
  A crocodile (D:8)
  2 ogres
  3 giant frogs
  3 scorpions
  A wyvern zombie (D:5)
  A crimson imp (D:5)
  A quasit (D:7)
  5 hounds
  3 jellies
  3 orc priests
  2 iguanas (D:7)
  2 orc wizards
  A centaur skeleton (D:4)
  A hound skeleton (D:5)
  2 gnolls
  9 adders
  3 shadow imps
  An adder zombie (D:6)
  2 oozes (D:3)
  6 worms
  3 giant geckos
  25 orcs
  4 giant cockroaches
  9 hobgoblins
  14 jackals
  11 kobolds
  2 quokkas
  2 ball pythons (D:2)
  12 bats
  A giant gecko skeleton (D:7)
  4 giant newts
  7 goblins
  11 rats
168 creatures vanquished.

Vanquished Creatures (collateral kills)
  An orc (D:3)
  A quokka skeleton (D:3)
2 creatures vanquished.

Vanquished Creatures (others)
  A giant frog (D:6)
  A slave (D:6)
  A phantom (D:5)
  A scorpion (D:4)
  A worker ant zombie (D:6)
  2 gnolls
  2 orcs
  A quokka (D:5)
  3 plants (D:8)
13 creatures vanquished.

Grand Total: 183 creatures vanquished

Action                   |  1- 3 |  4- 6 |  7- 9 || total
-------------------------+-------+-------+-------++-------
Melee: Falchion          |   113 |   195 |   302 ||   610
  Use: Scroll            |       |       |     5 ||     5
 Stab: Paralysed         |     1 |     4 |       ||     5
       Confused          |     1 |     1 |     1 ||     3

Vault maps used:
D:1:      dpeg_arrival_rhombi
D:2:      xom_teletrap_fun, kennysheep_path_1, guppyfry_early_orc_mine
D:3:      first_bread
D:4:      grunt_dithmenos_shadows, serial_shops, nicolae_shop_trees,
          roderic_roman_lattice, serial_park_tiny_pond
D:5:      serial_shops, shop_statue
D:6:      uniq_pikel, uniq_edmund, uniq_menkaure
D:7:      minmay_temple_entry_crystal_x, serial_shops,
          nicolae_shop_window_shopping, basic_altar
D:8:      gammafunk_temple_overflow_forgotten, overflow_temple_1_default,
          erik_lair_orcish_takeover, serial_shops, nicolae_shop_window_shopping,
          uniq_psyche, uniq_grum, uniq_joseph, uniq_erica
D:9:      kennysheep_mini, david_orc_3
